[Event "Late-Titled-Tuesday-Blitz-May-14-2024"]
[Site "Chess.com"]
[Date "2024.05.14"]
[Round "2"]
[White "SahaNeelash"]
[Black "chess_sharparchitect"]
[Result "1-0"]
[WhiteElo "2731"]
[BlackElo "2355"]
[TimeControl "180+1"]
[EndTime "14:16:55 PDT"]
[Termination "SahaNeelash won by resignation"]

1. d4 Nf6 2. Bg5 e6 3. Nd2 d5 4.
e3 Nbd7 5. Bd3 h6 6. Bxf6 Nxf6 7.
f4 c5 8. c3 Bd7 9. Ngf3 Qb6 10. Rb1 Bb5 11. Qe2 Bxd3 12. Qxd3 Be7 13. O-O O-O 14. Ne5 Rac8 15. Kh1 cxd4 16. exd4 Qd6 17. Rbe1 a6 18. Re2 b5 19. a3 Nd7 20. Rf3 Bf6 21. Rg3 Qe7 22. Ng4 Kh8 23. Rh3 Rfd8 24. Nf3 Nf8 25.
f5 Nh7 26. fxe6 fxe6 27. Nfe5 Bxe5 28. Nxe5 Qg5 29. Nf7+ 1-0

[Event "Late-Titled-Tuesday-Blitz-May-14-2024"]
[Site "Chess.com"]
[Date "2024.05.14"]
[Round "2"]
[White "javierfreilemartin"]
[Black "imdvb6307"]
[Result "0-1"]
[WhiteElo "2300"]
[BlackElo "2525"]
[TimeControl "180+1"]
[EndTime "14:16:55 PDT"]
[Termination "imdvb6307 won by resignation"]

1. c4 Nf6 2. Nc3 c6 3. e4 d5 4. e5 d4 5. exf6 dxc3 6. bxc3 exf6 7. d4 c5 8. Nf3 Nc6 9. Be2 Bd6 10. Be3 b6 11. Qa4 Bd7 12. dxc5 Bxc5 13. Bxc5 bxc5 14. Rd1 O-O 15. O-O Qc7 16. Qa3 Rfe8 17. Rd2 Ne5 18. Nxe5 fxe5 19. Rd5 Rac8 20. Rfd1 Be6 21. Rd6 h6 22. h3 Rb8 23. Bg4 f5 24. Bh5 Re7 25.
Ra6 Bxc4 26. Rdd6 Bxa6 27. Rxa6 Rb6 28. Ra5 g6 29. Rxc5 Qd6 30. Rc8+ Kg7 31. Qb3 Rxb3 0-1

[Event "Late-Titled-Tuesday-Blitz-May-14-2024"]
[Site "Chess.com"]
[Date "2024.05.14"]
[Round "2"]
[White "Incognito_Knight"]
[Black "hawes33"]
[Result "1-0"]
[WhiteElo "2735"]
[BlackElo "2381"]
[TimeControl "180+1"]
[EndTime "14:16:59 PDT"]
[Termination "Incognito_Knight won by resignation"]

1. e4 c5 2. d4 cxd4 3. Qxd4 Nc6 4. Qd3 Nf6 5. Nc3 d6 6. Nf3 g6 7. Be2 Bg7 8. O-O O-O 9. Nd5 Bg4 10. c3 Bxf3 11. Qxf3 Ne5 12. Nxf6+ Bxf6 13. Qe3 Rc8 14. Qxa7 b6 15. Be3 Ra8 16. Qb7 b5 17. Bxb5 Qa5 18.
a4 Rfb8 19. Qd5 e6 20. Qd1 d5 21. exd5 exd5 22. Qxd5 Ng4 23. Qf3 h5 24. h3 Rxb5 25.
hxg4 Be5 26. gxh5 gxh5 27. axb5 Qxa1 28. Qxh5 Bh2+ 29. Qxh2 Qxb2 30. Qg3+ Kf8 31. Bc5+ 1-0

[Event "Late-Titled-Tuesday-Blitz-May-14-2024"]
[Site "Chess.com"]
[Date "2024.05.14"]
[Round "2"]
[White "KamilGrycel"]
[Black "XDPS"]
[Result "0-1"]
[WhiteElo "2566"]
[BlackElo "2808"]
[TimeControl "180+1"]
[EndTime "14:17:01 PDT"]
[Termination "XDPS won by checkmate"]

1. d4 d5 2. Bf4 Nf6 3. e3 e6 4. Nd2 Bd6 5. Bg3 O-O 6. Ngf3 c5 7. c3 Qc7 8. dxc5 Qxc5 9. Bd3 Nbd7 10. e4 dxe4 11.
Bxe4 Bxg3 12. hxg3 h6 13. Qe2 Rb8 14. O-O Qc7 15. Rad1 b6 16. Rfe1 Nc5 17. Bb1 a5 18. Nd4 Rd8 19. N2f3 Bb7 20. Ne5 Nce4 21. Bxe4 Bxe4 22.
Ng4 Nxg4 23. Qxe4 Nf6 24. Qe5 Qc4 25. a3 Rbc8 26. Nf3 Qb3 27. Qe2 Qa4 28. Nd4 Rd6 29.
Qb5 Rxd4 30. Qa6 Rxd1 31. Qxc8+ Kh7 32. Rxd1 Qxd1+ 33. Kh2 Ng4+ 34. Kh3 Nxf2+ 35. Kh4 Qg4# 0-1

[Event "Late-Titled-Tuesday-Blitz-May-14-2024"]
[Site "Chess.com"]
[Date "2024.05.14"]
[Round "2"]
[White "szachmistrz2500"]
[Black "SoCalJuniorChess"]
[Result "0-1"]
[WhiteElo "2476"]
[BlackElo "2233"]
[TimeControl "180+1"]
[EndTime "14:17:01 PDT"]
[Termination "SoCalJuniorChess won by resignation"]

1. e4 d5 2. exd5 Qxd5 3. Nc3 Qd8 4. d4 Nf6 5. Bc4 a6 6. a4 Nc6 7.
Nge2 Bf5 8. Bf4 e6 9. O-O Bd6 10. Bg5 h6 11. Be3 Ng4 12. h3 Nxe3 13. fxe3 Qg5 14.
e4 Bxh3 15. Rf2 O-O-O 16. Qd3 Bg4 17. Rxf7 Nxd4 18. Nxd4 Bc5 19. Nd5 exd5 20. Bxd5 c6 21. Qc4 Qe3+ 22. Kh1 Qxd4 23. Rxg7 cxd5 24. Qxd4 Bxd4 25.
Rxg4 dxe4 26. c3 Be3 27. Rxe4 Rhe8 28. Rxe8 Rxe8 29. Re1 Re7 30. g3 Bg5 31. Rd1 Re4 32.
a5 Re5 33. Ra1 Re2 34. b4 Re3 35. Kg2 Rxc3 36. Rb1 Be7 37. g4 Rc4 38. Kf3 Rxb4 39. Rh1 Bg5 40. Rd1 Kc7 41. Rd5 Rb5 0-1

[Event "Late-Titled-Tuesday-Blitz-May-14-2024"]
[Site "Chess.com"]
[Date "2024.05.14"]
[Round "2"]
[White "Eloist"]
[Black "Mikhail_Bryakin"]
[Result "1/2-1/2"]
[WhiteElo "2429"]
[BlackElo "2840"]
[TimeControl "180+1"]
[EndTime "14:17:04 PDT"]
[Termination "Game drawn by stalemate"]

1. e4 g6 2. d4 Bg7 3. Nc3 d6 4. Nf3 Nd7 5. Be2 e5 6. O-O Ne7 7. Re1 O-O 8. dxe5 Nxe5 9. Nxe5 Bxe5 10. f4 Bg7 11. Bf3 c6 12. a4 a5 13. Be3 Qc7 14. Qd2 Be6 15. Rad1 Rad8 16. Bd4 Bxd4+ 17. Qxd4 Rfe8 18. g4 Bc8 19. f5 b6 20. f6 c5 21. Qd2 Kh8 22. fxe7 Qxe7 23. Nd5 Qe5 24. Qc3 Qxc3 25. bxc3 Bb7 26. Nxb6 Bc6 27. Kf2 Kg7 28. Nc4 Bxa4 29. Nxd6 Rf8 30. e5 Bxc2 31. Rd5 a4 32.
Rxc5 Rb8 33. Rc7 a3 34. Ra1 Rb2 35. Kg3 a2 36. Ra7 Bb3 37. c4 Rb1 38. R1xa2 Bxa2 39. Rxa2 Re1 40. Re2 Rc1 41. Bd5 Rc3+ 42. Kg2 Rc1 43.
Rf2 f5 44. exf6+ Kh6 45. h4 g5 46. Nf7+ Rxf7 47. Bxf7 gxh4 48. Rf5 h3+ 49. Kxh3 Rc3+ 50.
Kh4 Rh3+ 51. Kxh3 1/2-1/2

[Event "Late-Titled-Tuesday-Blitz-May-14-2024"]
[Site "Chess.com"]
[Date "2024.05.14"]
[Round "2"]
[White "zacachess"]
[Black "chessisveryfun1264"]
[Result "0-1"]
[WhiteElo "2363"]
[BlackElo "2554"]
[TimeControl "180+1"]
[EndTime "14:17:06 PDT"]
[Termination "chessisveryfun1264 won by resignation"]

1. e4 f5 2. exf5 Nf6 3. d4 d5 4. Bd3 c5 5. c3 Nc6 6. Nf3 Qb6 7. O-O Bd7 8. dxc5 Qxc5 9. Nbd2 g6 10. Nb3 Qd6 11.
fxg6 e5 12. Re1 e4 13. g3 O-O-O 14. Bf4 Qe7 15. Nfd4 hxg6 16. Bf1 Qh7 17. h4 Be7 18. Nxc6 Bxc6 19. Nd4 Nh5 20. Nxc6 bxc6 21. Bh3+ Kb7 22.
Qb3+ Ka8 23. Qa4 Nxf4 24. Qxc6+ Kb8 25. Qb5+ Kc7 26. Qa5+ Kd6 27. Qa6+ Ke5 28. Bf1 Bxh4 29. gxf4+ Kxf4 30. Qe2 Ke5 31. Qg4 Qh5 32. Qxh5+ Rxh5 33. Bg2 Rf8 34. Re2 Rg5 35. Kf1 Rf4 36. c4 Rgf5 37.
cxd5 Rxf2+ 38. Rxf2 Rxf2+ 39. Kg1 e3 40. d6 Rd2 41. Re1 Bxe1 0-1

[Event "Late-Titled-Tuesday-Blitz-May-14-2024"]
[Site "Chess.com"]
[Date "2024.05.14"]
[Round "2"]
[White "h4parah5"]
[Black "The_Machine04"]
[Result "1-0"]
[WhiteElo "3036"]
[BlackElo "2668"]
[TimeControl "180+1"]
[EndTime "14:17:10 PDT"]
[Termination "h4parah5 won on time"]

1. Nf3 d6 2. d4 Nf6 3. c4 g6 4.
Nc3 Bf5 5. Qb3 b6 6. g3 c5 7. Bg2 Nc6 8. d5 Na5 9. Qd1 Bg7 10. Nd2 O-O 11. O-O a6 12. a4 Bd7 13. e4 Ng4 14.
Qc2 Ne5 15. b3 b5 16. axb5 axb5 17. cxb5 Qb6 18. Ra3 Bxb5 19. Nxb5 Qxb5 20. Qa2 Nd3 21. Nc4 Bc3 22. Qc2 Nxc4 23. bxc4 Qb4 24. Rxc3 Ne5 25. f4 Ng4 26. h3 Nf6 27. Rb3 Qa4 28. e5 Rab8 29. Rc3 Qxc2 30. Rxc2 Nd7 31. Re1 Nb6 32. h4 Na4 33. Bd2 Rb3 34. Re3 Rb1+ 35. Kf2 Rfb8 36. h5 R8b2 37. Rxb2 1-0

[Event "Late-Titled-Tuesday-Blitz-May-14-2024"]
[Site "Chess.com"]
[Date "2024.05.14"]
[Round "2"]
[White "colegiodemadrid"]
[Black "Nechitaylo_Nikita"]
[Result "1-0"]
[WhiteElo "2547"]
[BlackElo "2347"]
[TimeControl "180+1"]
[EndTime "14:17:10 PDT"]
[Termination "colegiodemadrid won by resignation"]

1. e4 c5 2. Nf3 d6 3. d4 cxd4 4.
Nxd4 Nf6 5. Nc3 Nc6 6. Bc4 e6 7. Be3 Be7 8. Qe2 O-O 9. O-O-O Nxd4 10. Bxd4 Nd7 11. h4 a6 12. Bb3 b5 13. g4 Bb7 14.
f3 Qc7 15. h5 Bg5+ 16. Be3 Bf6 17. Qd2 Bxc3 18. Qxc3 Qxc3 19. bxc3 Ne5 20. Rhf1 Rfd8 21. Kb2 a5 22. a4 bxa4 23. Ba2 Ba6 24. Rf2 Bc4 25. Bd4 Rab8+ 26. Ka3 Bxa2 27. Bxe5 dxe5 28. Rxd8+ Rxd8 29. Kxa2 Kf8 30. Ka3 Rc8 31. Kxa4 Rxc3 32. Kxa5 f5 33. exf5 exf5 34. gxf5 Kf7 35. Kb4 Re3 36.
c4 Kf6 37. c5 e4 38. c6 exf3 39. c7 Re8 40. Rxf3 Rc8 41. Rc3 Kxf5 42. Kb5 Kg5 43. Rc5+ Kh4 44. Kc6 g5 45. hxg6 hxg6 46. Kd7 Rxc7+ 47.
Kxc7 g5 48. Kd6 g4 49. Ke5 Kg3 50. Rc3+ Kf2 51. Kf4 g3 52. Rf3+ Ke2 53. Rxg3 Kf2 54. Ra3 1-0

[Event "Late-Titled-Tuesday-Blitz-May-14-2024"]
[Site "Chess.com"]
[Date "2024.05.14"]
[Round "2"]
[White "schachlana"]
[Black "ACollins05"]
[Result "0-1"]
[WhiteElo "2338"]
[BlackElo "2543"]
[TimeControl "180+1"]
[EndTime "14:17:10 PDT"]
[Termination "ACollins05 won by resignation"]

1. e4 a6 2. d4 b5 3. Bd3 Bb7 4. Nd2 e6 5. f4 Nf6 6. Ngf3 c5 7. c3 Be7 8. O-O d6 9. e5 Nd5 10. Ne4 cxd4 11. cxd4 Nb4 12. Bb1 Bxe4 13. Bxe4 d5 14. Bb1 g6 15. a3 N4c6 16. Be3 Nd7 17. Bd3 Nb6 18. Rc1 Rc8 19. Qe2 Nc4 20. Bf2 h5 21. a4 Nb4 22. axb5 axb5 23. b3 Nxd3 24. Qxd3 Na3 25.
Ra1 b4 26. Rfc1 O-O 27. h3 Qd7 28. g4 hxg4 29. hxg4 Rxc1+ 30. Rxc1 Rc8 31. Rxc8+ Qxc8 32. Kg2 Qc1 33. f5 Qf4 34. f6 Qxg4+ 35. Bg3 Bf8 36.
Qa6 Qe4 37. Bh4 Nc2 38. Bg5 Nxd4 39. Qf1 Qg4+ 40. Kh1 Qxf3+ 0-1

[Event "Late-Titled-Tuesday-Blitz-May-14-2024"]
[Site "Chess.com"]
[Date "2024.05.14"]
[Round "2"]
[White "marvinguevara"]
[Black "Naruto-K"]
[Result "0-1"]
[WhiteElo "2206"]
[BlackElo "2488"]
[TimeControl "180+1"]
[EndTime "14:17:10 PDT"]
[Termination "Naruto-K won by resignation"]

1. e4 e6 2. d4 d5 3. Nc3 Nf6 4.
Bg5 h6 5. Bxf6 Qxf6 6. e5 Qd8 7. Nf3 c5 8. Bb5+ Bd7 9. Bxd7+ Qxd7 10. O-O Nc6 11. Re1 cxd4 12. Nxd4 Bc5 13. Nb3 Be7 14. f4 O-O 15. Qg4 a5 16. Rad1 a4 17. Nc1 a3 18. b3 Qc7 19. N1e2 Nb4 20. Kh1 Nxc2 21. Rc1 Nxe1 22. Nxd5 Qd8 23. Nxe7+ Qxe7 24. Rxe1 Rfd8 25. Ng3 Rd2 26. Nh5 Qf8 27. f5 exf5 28.
Qxf5 Rad8 29. h3 Rd1 30. Rxd1 Rxd1+ 31. Kh2 Qc5 32. Qg4 Qg1+ 33. Kg3 Rd3+ 34. Kh4 Qf2+ 35. Ng3 Rd4 0-1

[Event "Late-Titled-Tuesday-Blitz-May-14-2024"]
[Site "Chess.com"]
[Date "2024.05.14"]
[Round "2"]
[White "McCarthyStone"]
[Black "noret"]
[Result "1-0"]
[WhiteElo "2448"]
[BlackElo "2074"]
[TimeControl "180+1"]
[EndTime "14:17:12 PDT"]
[Termination "McCarthyStone won by checkmate"]

1. d4 Nf6 2. c4 g6 3. Nc3 Bg7 4. e4 d6 5. Be2 O-O 6. h4 h5 7. Bg5 c5 8. d5 Qa5 9. Qd2 e6 10.
O-O-O exd5 11. cxd5 Re8 12. f3 Nbd7 13. g4 Ne5 14. gxh5 Nxh5 15. f4 Ng4 16. Nh3 a6 17.
Rhg1 Ngf6 18. f5 b5 19. Nf4 b4 20. Nb1 Nxe4 21. Qc2 Bxf5 22. Nxh5 gxh5 23. Bd3 Qxa2 24. Bh6 Bg6 25. Bxg7 Kxg7 26. Bxe4 Re5 27. Bxg6 Kh8 28. Bxf7 Rf8 29. Qg6 Re2 30. Qh6# 1-0

[Event "Late-Titled-Tuesday-Blitz-May-14-2024"]
[Site "Chess.com"]
[Date "2024.05.14"]
[Round "2"]
[White "RuperezA"]
[Black "ClayK1ng"]
[Result "0-1"]
[WhiteElo "2652"]
[BlackElo "2400"]
[TimeControl "180+1"]
[EndTime "14:17:13 PDT"]
[Termination "ClayK1ng won by resignation"]

1. e4 d5 2. exd5 Qxd5 3. Nc3 Qe5+ 4. Be2 Bg4 5. d4 Bxe2 6. Ngxe2 Qa5 7. O-O Nf6 8. b4 Qh5 9. Qd3 e6 10. Ng3 Qg4 11.
Qb5+ Nbd7 12. Qxb7 Rb8 13. Qxc7 Bxb4 14. Rb1 O-O 15. Nce2 Ba5 16. Qxa7 Rxb1 17. Qxa5 h5 18. Nf4 Rxc1 19. Rxc1 Qxf4 20. Rd1 h4 21. Nf1 h3 22.
gxh3 Ne4 23. Qe1 Ndf6 24. c4 Ra8 25. Ra1 Ra3 26. Ne3 Ng5 27. Qe2 Nxh3+ 28. Kg2 Qxd4 0-1

[Event "Late-Titled-Tuesday-Blitz-May-14-2024"]
[Site "Chess.com"]
[Date "2024.05.14"]
[Round "2"]
[White "ImportedItalianMaple"]
[Black "bubeliang"]
[Result "0-1"]
[WhiteElo "2567"]
[BlackElo "2813"]
[TimeControl "180+1"]
[EndTime "14:17:14 PDT"]
[Termination "bubeliang won on time"]

1. e4 c6 2. d4 d5 3. e5 c5 4.
dxc5 e6 5. a3 Bxc5 6. Qg4 Ne7 7.
Nf3 O-O 8. Bd3 f5 9. Qg3 Ng6 10. h4 Nd7 11. b4 Bb6 12. Bb2 Bc7 13. Nbd2 f4 14. Qg5 Qxg5 15. hxg5 Ndxe5 16. Nxe5 Bxe5 17. Bxe5 Nxe5 18. Bxh7+ Kf7 19. O-O-O b6 20. Rde1 Ng4 21. Rh4 e5 22. Nf3 e4 23. Rxg4 Bxg4 24. Ne5+ Ke6 25.
Nxg4 Rac8 26. f3 e3 27. Bd3 Rh8 28. g3 fxg3 29. Nxe3 Rcf8 30. Nf5+ Kd7 31. f4 g2 32. Bb5+ Kd8 33. Nxg7 Rh1 0-1

[Event "Late-Titled-Tuesday-Blitz-May-14-2024"]
[Site "Chess.com"]
[Date "2024.05.14"]
[Round "2"]
[White "angelgab3"]
[Black "DonPreuss"]
[Result "1-0"]
[WhiteElo "2712"]
[BlackElo "2184"]
[TimeControl "180+1"]
[EndTime "14:17:14 PDT"]
[Termination "angelgab3 won by resignation"]

1. e4 Nc6 2. d4 e5 3. Nf3 exd4 4. Nxd4 Bc5 5. Nb3 Bb6 6. Nc3 Nge7 7. Qe2 O-O 8. Be3 d6 9. O-O-O f5 10. f3 f4 11. Bf2 Ng6 12. g3 Nge5 13. Bg2 Be6 14. gxf4 Rxf4 15. Nd5 Bxd5 16. exd5 Bxf2 17. Qxf2 Nb4 18.
Kb1 Qf6 19. Rhf1 Rf8 20. Qxa7 Nxf3 21. Qxb7 Qf5 22. Rc1 Nxd5 23. Rxf3 Rxf3 24. Nd4 Qg4 25. Bxf3 Qxd4 26. Qxd5+ Qxd5 27. Bxd5+ Kh8 28. a4 1-0

[Event "Late-Titled-Tuesday-Blitz-May-14-2024"]
[Site "Chess.com"]
[Date "2024.05.14"]
[Round "2"]
[White "Kiborg95"]
[Black "OriTaichman"]
[Result "0-1"]
[WhiteElo "2896"]
[BlackElo "2632"]
[TimeControl "180+1"]
[EndTime "14:17:15 PDT"]
[Termination "OriTaichman won by resignation"]

1. e4 c5 2. Nc3 Nc6 3. Nge2 g6 4. d4 cxd4 5. Nxd4 Bg7 6. Be3 Nf6 7. Bc4 O-O 8. Bb3 d6 9. f3 Bd7 10. h4 Na5 11. h5 Qc7 12. hxg6 hxg6 13. Qd2 Rfc8 14.
g4 Nc4 15. Bxc4 Qxc4 16. Qh2 Bxg4 17. O-O-O Bh5 18. Rdg1 Kf8 19. Nf5 gxf5 20. exf5 b5 21. Qg3 Bg4 22. fxg4 Ne4 23. Qg2 Nxc3 24. bxc3 Qxc3 25.
Bh6 Qb2+ 26. Kd2 Rxc2+ 0-1

[Event "Late-Titled-Tuesday-Blitz-May-14-2024"]
[Site "Chess.com"]
[Date "2024.05.14"]
[Round "2"]
[White "Nouali_Mohamed"]
[Black "stollenmonster"]
[Result "1-0"]
[WhiteElo "2623"]
[BlackElo "2879"]
[TimeControl "180+1"]
[EndTime "14:17:15 PDT"]
[Termination "Nouali_Mohamed won by resignation"]

1. e4 c5 2. Nf3 Nf6 3. Nc3 d5 4. exd5 Nxd5 5. Ne5 e6 6. Bb5+ Bd7 7. Qf3 Qf6 8. Nxd7 Nxd7 9. Nxd5 Qxf3 10. Nc7+ Kd8 11.
Nxe6+ fxe6 12. gxf3 Ne5 13. Be2 Bd6 14. Rg1 g6 15.
Rg3 Rf8 16. Rh3 Rf7 17. d3 Kc7 18. Be3 Raf8 19. O-O-O Nc6 20. c3 Re8 21. Rg1 Ree7 22. Rg4 Ne5 23. Re4 b6 24. Kc2 Nd7 25. d4 Nf6 26. Reh4 cxd4 27. Rxd4 Nh5 28. Ba6 Bc5 29. Rc4 Kd6 30. Bg5 Rd7 31. b4 Bxf2 32. f4 e5 33. Rd3+ Ke6 34. Bc8 h6 35. Rc6+ Kf5 36. Rxd7 Rxd7 37.
Bxd7+ Ke4 38. Bxh6 exf4 39. Re6+ Kd5 40. Rxg6 Be3 41.
Bc6+ Ke5 42. Bf3 1-0

[Event "Late-Titled-Tuesday-Blitz-May-14-2024"]
[Site "Chess.com"]
[Date "2024.05.14"]
[Round "2"]
[White "BabageldiAnnaberdiyev"]
[Black "kingofthenil"]
[Result "0-1"]
[WhiteElo "2589"]
[BlackElo "2865"]
[TimeControl "180+1"]
[EndTime "14:17:17 PDT"]
[Termination "kingofthenil won by resignation"]

1. e4 e6 2. d4 d5 3. e5 Nc6 4. c3 f6 5. Nf3 fxe5 6. Bb5 e4 7. Ne5 Ne7 8. Bg5 Bd7 9. Bxe7 Qxe7 10. Qh5+ g6 11.
Nxg6 Qf7 12. Nf4 Bd6 13. Qxf7+ Kxf7 14. Ne2 Rhg8 15. g3 Raf8 16. Nd2 Ke7 17. O-O a6 18. Bxc6 Bxc6 19. a4 Be8 20. f4 Bh5 21. Rae1 Bxe2 22. Rxe2 Bxf4 23. Nb3 h5 24. Kh1 Bd6 25. Rxf8 Rxf8 26.
Kg2 Rf3 27. Nd2 Rd3 28. Nf1 c5 29. dxc5 Bxc5 30. Rd2 e5 31. Re2 Ke6 32. h3 Kf5 33. Nd2 Be3 34. Nf1 Bc1 35. Rc2 Be3 36. Re2 Bb6 37. Nd2 e3 38. Nf3 d4 39. Nh4+ Ke4 40. c4 Rd2 41. Kf1 Rxe2 42. Kxe2 d3+ 43. Kd1 e2+ 44. Ke1 Ba5+ 0-1

[Event "Late-Titled-Tuesday-Blitz-May-14-2024"]
[Site "Chess.com"]
[Date "2024.05.14"]
[Round "2"]
[White "Umumba_FM"]
[Black "Polish_fighter3000"]
[Result "0-1"]
[WhiteElo "2682"]
[BlackElo "3105"]
[TimeControl "180+1"]
[EndTime "14:17:18 PDT"]
[Termination "Polish_fighter3000 won by resignation"]

1. d4 b6 2. e4 Bb7 3. Bd3 e6 4. Nf3 g6 5. O-O Bg7 6. c3 d6 7.
Bg5 Ne7 8. Qd2 h6 9. Be3 Nd7 10. a4 a6 11. Na3 Nf6 12. Qc2 g5 13. Nd2 Ng4 14. Nac4 d5 15. exd5 Nxd5 16. h3 Ngxe3 17. Nxe3 Nf4 18. Be4 c6 19. Rae1 Qc7 20. Ng4 O-O-O 21.
a5 f5 22. Bxf5 exf5 23. Qxf5+ Qd7 24. Ne3 b5 25. Ne4 Qxf5 26. Nxf5 Bf8 27. Re3 Rh7 28. Rfe1 Rf7 29. g4 c5 30. Nxc5 Bxc5 31. dxc5 Ng2 32. Nd6+ Rxd6 33. cxd6 Nxe1 34. Rxe1 Kd7 35. Rd1 Rf3 36. Rd4 Rxh3 37. Kf1 Bf3 38. Ke1 Rh1+ 39. Kd2 Rd1+ 40. Ke3 Rxd4 41. Kxd4 Kxd6 0-1

[Event "Late-Titled-Tuesday-Blitz-May-14-2024"]
[Site "Chess.com"]
[Date "2024.05.14"]
[Round "2"]
[White "ChEsper99"]
[Black "Michalczak"]
[Result "0-1"]
[WhiteElo "2250"]
[BlackElo "2503"]
[TimeControl "180+1"]
[EndTime "14:17:18 PDT"]
[Termination "Michalczak won by resignation"]

1. Nf3 d5 2. g3 e6 3. Bg2 Nf6 4. O-O Be7 5. d4 O-O 6. c4 dxc4 7. Ne5 Nc6 8. Bxc6 bxc6 9. Nxc6 Qd7 10. Nxe7+ Qxe7 11. Qc2 e5 12. Rd1 exd4 13. Rxd4 Rd8 14. Rxd8+ Qxd8 15.
Na3 Bh3 16. Nxc4 Qe8 17. f3 Rd8 18. e4 Qb5 19. Be3 a5 20. b3 h6 21. Rd1 Rxd1+ 22.
Qxd1 a4 23. Qc2 axb3 24. Qxb3 Qc6 25. a4 Kh7 26. Qb5 Qa8 27. a5 Qd8 28. Qb3 Qa8 29. g4 Nxe4 30. fxe4 Qxe4 31. Kf2 Bxg4 32. Ke1 Be6 33. a6 Bxc4 34. a7 Bxb3 0-1

[Event "Late-Titled-Tuesday-Blitz-May-14-2024"]
[Site "Chess.com"]
[Date "2024.05.14"]
[Round "2"]
[White "Jospem"]
[Black "GelmanAlexander"]
[Result "1-0"]
[WhiteElo "3020"]
[BlackElo "2661"]
[TimeControl "180+1"]
[EndTime "14:17:19 PDT"]
[Termination "Jospem won by resignation"]

1. e4 c5 2. Nf3 e6 3. c3 d5 4. e5 Nc6 5. g3 Nge7 6. Bg2 Nf5 7. d3 h6 8. h4 b5 9. Qe2 Be7 10. h5 Bb7 11. O-O a5 12. Bf4 a4 13. a3 Qb6 14.
Nbd2 g5 15. hxg6 fxg6 16. g4 Ng7 17. c4 bxc4 18. dxc4 g5 19. Bg3 h5 20. cxd5 exd5 21. e6 Ba6 22. Qe3 hxg4 23. Nxg5 O-O-O 24. Nf7 Nf5 25. Qf4 Ncd4 26. Rfe1 Nxg3 27. Qxg3 Ne2+ 28. Rxe2 Bxe2 29.
Re1 Bf3 30. Nxh8 Rxh8 31. Nxf3 gxf3 32. Qxf3 Rd8 33. Qf7 Qd6 34. Rd1 d4 35. Qf3 Qb6 36. Qa8+ Kc7 37. Qxa4 d3 38. Qf4+ Bd6 39. Qf7+ Kb8 40. e7 Bxe7 41. Qxe7 d2 42. Qe5+ Ka7 43. Qf4 Qxb2 44. Qc7+ 1-0

[Event "Late-Titled-Tuesday-Blitz-May-14-2024"]
[Site "Chess.com"]
[Date "2024.05.14"]
[Round "2"]
[White "Mikhail_Golubev"]
[Black "Anton_Demchenko"]
[Result "0-1"]
[WhiteElo "2602"]
[BlackElo "2873"]
[TimeControl "180+1"]
[EndTime "14:17:19 PDT"]
[Termination "Anton_Demchenko won by resignation"]

1. e4 e5 2. Nf3 Nc6 3. Bc4 Nf6 4. d3 h6 5. O-O d6 6. c3 g5 7. d4 g4 8. Nfd2 exd4 9. cxd4 Nxd4 10. Qa4+ Nc6 11.
Nc3 Bg7 12. e5 dxe5 13. Nde4 Nxe4 14. Nxe4 O-O 15. Be3 Nd4 16. Bxd4 exd4 17. f4 c6 18. Qd1 d3 19. Bxd3 Qd4+ 20. Kh1 Rd8 21. f5 Qxd3 22.
Qxg4 Rd4 23. Nf6+ Kh8 24. Rfe1 Bxf5 0-1

[Event "Late-Titled-Tuesday-Blitz-May-14-2024"]
[Site "Chess.com"]
[Date "2024.05.14"]
[Round "2"]
[White "bobo_panda"]
[Black "sillypiggy2024"]
[Result "1-0"]
[WhiteElo "2430"]
[BlackElo "1727"]
[TimeControl "180+1"]
[EndTime "14:17:19 PDT"]
[Termination "bobo_panda won on time"]

1. e4 c6 2. d4 d5 3. exd5 cxd5 4. Nf3 Nc6 5. Bb5 Bd7 6. c4 e6 7.
Nc3 Nf6 8. Bg5 dxc4 9. Bxc4 Be7 10.
O-O O-O 11. Re1 Rc8 12. Bd3 h6 13. Bd2 Nb4 14. Bb1 Nbd5 15. Ne5 a6 16. Qb3 b5 17. Ne4 Qb6 18. Nxf6+ Nxf6 19. Qd3 Rfd8 20. Be3 Be8 21. Ng4 g6 22. Nxh6+ Kg7 23. a3 e5 24. Ba2 exd4 25.
Bg5 Bc5 26. Qh3 Bd7 27. Qf3 Be8 28. b4 Bf8 29. Rxe8 Rxe8 30. Nxf7 Rc7 31. Bh6+ Kh7 32. Bxf8 Rxf8 33. Ng5+ 1-0

[Event "Late-Titled-Tuesday-Blitz-May-14-2024"]
[Site "Chess.com"]
[Date "2024.05.14"]
[Round "2"]
[White "WindWhistler11"]
[Black "Hirna2005"]
[Result "0-1"]
[WhiteElo "2511"]
[BlackElo "2322"]
[TimeControl "180+1"]
[EndTime "14:17:22 PDT"]
[Termination "Hirna2005 won by checkmate"]

1. Nf3 g6 2. g3 Bg7 3. c4 e5 4. Nc3 d6 5. Bg2 f5 6. d4 e4 7. Ng5 Nf6 8. h4 O-O 9. Nh3 Nc6 10. Bg5 h6 11. Bxf6 Qxf6 12. e3 Qf7 13.
Qe2 Nb4 14. Nf4 c5 15. O-O-O a6 16. f3 b5 17. fxe4 bxc4 18. e5 Bb7 19. Bxb7 Qxb7 20. Qxc4+ Kh7 21. Ne6 Rfc8 22. Ng5+ Kh8 23. Nf7+ Kh7 24.
Nxd6 cxd4 25. Nxc8 Rxc8 26. Qxd4 Nxa2+ 27. Kd2 Qxb2+ 28. Ke1 Nxc3 29. h5 Qe2# 0-1

[Event "Late-Titled-Tuesday-Blitz-May-14-2024"]
[Site "Chess.com"]
[Date "2024.05.14"]
[Round "2"]
[White "Supergiuly"]
[Black "Kildepiotr"]
[Result "0-1"]
[WhiteElo "2344"]
[BlackElo "2727"]
[TimeControl "180+1"]
[EndTime "14:17:24 PDT"]
[Termination "Kildepiotr won by resignation"]

1. e4 g6 2. d4 Bg7 3. Nf3 c6 4.
Bd3 d6 5. O-O Nd7 6. c4 e5 7. d5 Nc5 8. Nc3 Nxd3 9. Qxd3 Nf6 10. Bg5 O-O 11. Rad1 c5 12. Nd2 h6 13. Bh4 g5 14. Bg3 Nh5 15. Qf3 Nf4 16. Rfe1 Bf6 17. Nf1 g4 18. Qe3 Bg5 19. Bxf4 exf4 20. Qd3 Bf6 21. g3 Be5 22. Ne2 f3 23. Nc3 f5 24.
Qe3 f4 25. Qd3 Bd7 26. h3 Qf6 27. hxg4 fxg3 28. Re3 gxf2+ 29. Kxf2 Qh4+ 30. Kg1 Qxg4+ 31. Kf2 Qh4+ 32. Kg1 Qg4+ 33. Kf2 Qg2+ 34. Ke1 Bg3+ 35. Nxg3 f2+ 36. Kd2 f1=Q+ 37. Re2 Qf4+ 38. Kc2 Qgxg3 39. Qxg3+ Qxg3 40. Rd3 Rf3 41. Rdd2 Qe5 0-1

[Event "Late-Titled-Tuesday-Blitz-May-14-2024"]
[Site "Chess.com"]
[Date "2024.05.14"]
[Round "2"]
[White "Walter_White_Poland"]
[Black "juancruzarias"]
[Result "0-1"]
[WhiteElo "2396"]
[BlackElo "2671"]
[TimeControl "180+1"]
[EndTime "14:17:24 PDT"]
[Termination "juancruzarias won on time"]

1. e4 c6 2. d4 d5 3. f3 e6 4.
Nc3 Qb6 5. a3 Nf6 6. Be3 dxe4 7.
fxe4 e5 8. Nf3 Nbd7 9. Bc4 Bd6 10.
Qd2 Qc7 11. O-O O-O 12. Kh1 b5 13. Ba2 a6 14. Rad1 exd4 15. Nxd4 Bxh2 16. Nf5 Ne5 17. Bh6 Bxf5 18. Rxf5 gxh6 19. Qxh6 Ng6 20. Rxf6 Be5 21. Rxg6+ hxg6 22. Qxg6+ Bg7 23. Rf1 Rae8 24. Rf5 Re5 25. Ne2 Rxf5 26. exf5 Qe5 0-1

[Event "Late-Titled-Tuesday-Blitz-May-14-2024"]
[Site "Chess.com"]
[Date "2024.05.14"]
[Round "2"]
[White "AlexeiShirov"]
[Black "jinbojinbo"]
[Result "1-0"]
[WhiteElo "2920"]
[BlackElo "2627"]
[TimeControl "180+1"]
[EndTime "14:17:25 PDT"]
[Termination "AlexeiShirov won by resignation"]

1. e4 e5 2. Nf3 Nc6 3. Bb5 a6 4. Ba4 d6 5. O-O Bd7 6. c3 g6 7.
d4 Bg7 8. Be3 Nf6 9. Nbd2 O-O 10. Re1 Re8 11. Bc2 exd4 12. cxd4 Ng4 13. Bg5 Qc8 14. h3 Nf6 15. e5 Nd5 16. Ne4 h6 17.
Bh4 Bf5 18. exd6 cxd6 19. Nxd6 Rxe1+ 20. Qxe1 Qd7 21. Nxf5 gxf5 22. Qd2 Re8 23. a3 Nf6 24. Rd1 Ne4 25. Qf4 Qd5 26. Rd3 Ne7 27. Bb3 Qb5 28.
Re3 Nd5 29. Bxd5 Qxd5 30. Qc7 Kh7 31. Ne5 Bxe5 32. dxe5 Rxe5 33. f3 Qc5 34. Qxf7+ Kh8 35. Bf6+ Nxf6 36. Qxf6+ 1-0